 Dungeon Crawl Stone Soup version 0.31-a0-844-gdc52ec4e09 (webtiles) character file.

Game seed: 4857319004479162177

16 BinkBink the Sneak (level 2, -1/13 HPs)
             Began as a Spriggan Enchanter on Sept 29, 2023.
             Slain by a goblin
             ... wielding a +1 dagger of venom
              (3 damage)
             ... on level 1 of the Dungeon.
             The game lasted 00:01:32 (458 turns).

BinkBink the Sneak (Spriggan Enchanter)              Turns: 458, Time: 00:01:33

Health: -1/13      AC:  2    Str:  2 (4)  XL:     2   Next: 41%
Magic:  6/6        EV: 22    Int: 13 (16) God:
Gold:   26         SH:  0    Dex: 14 (15) Spells: 6/6 levels left

rFire   . . .        a - +1 dagger
rCold   . . .        (no shield)
rNeg    . . .        b - +0 robe
rPois   .            (helmet restricted)
rElec   .            (no cloak)
rCorr   .            (gloves unavailable)
SInv    +            (boots unavailable)
Will    .....        (no amulet)
Stlth   +++          i - +5 ring of evasion
HPRegen 0.22/turn    (no ring)
MPRegen 0.10/turn

%: no passive effects
@: lethally poisoned (-1 -> -7), invisible, very quick
A: very small, no large weapons, unfitting armour, see invisible, speed 3
a: no special abilities


You were on level 1 of the Dungeon.
You visited 1 branch of the dungeon, and saw 1 of its levels.

You collected 26 gold pieces.

Inventory:

Hand Weapons
 a - a +1 dagger (weapon)
Armour
 b - a +0 robe (worn)
Jewellery
 i - a +5 ring of evasion (left hand)
Scrolls
 d - a scroll of teleportation {unknown}
 e - a scroll of enchant armour {unknown}
 f - 2 scrolls of identify {unknown}
 g - a scroll of fear {unknown}
Potions
 c - a potion of invisibility


   Skills:
 + Level 1.8 Short Blades
 - Level 2.6 Dodging
 * Level 5.4 Stealth
 - Level 2.6 Spellcasting
 - Level 3.6 Hexes


You had 6 spell levels left.
You didn't know any spells.
Your spell library contained the following spells:

 Spells                   Type           Power      Damage    Failure   Level
 Confusing Touch          Hex            11%        N/A       16%         3
 Tukima's Dance           Hex            11%        N/A       16%         3
 Ensorcelled Hibernation  Hex/Ice        12%        N/A       17%         2
 Dazzling Flash           Conj/Hex       12%        N/A       34%         3


Dungeon Overview and Level Annotations

Branches:
Dungeon (1/15)

Altars:


Innate Abilities, Weirdness & Mutations

You are very small and have problems with some larger weapons.
You are too small for most types of armour.
You have supernaturally acute eyesight. (SInv)
You cover ground extremely quickly. (Speed+++)


Message History

The kobold shouts!
You hear a bark! x3
You hit the kobold.
You kill the kobold!
No target in view!
Things that are here:
a +0 club; a kobold corpse 2 jackals come into view.
Things that are here:
a +0 club; a kobold corpse You hit the jackal.
The jackal is almost dead.
The jackal misses you.
You hit the jackal.
You kill the jackal!
Things that are here:
a +0 club; a kobold corpse
Found a whip.
Found a faded altar of an unknown god.
A goblin comes into view. It is wielding a +1 dagger of venom.
No reachable target in view!
No reachable target in view!
The shining eye turns its gaze towards you.
The goblin closely misses you.
You closely miss the goblin. You hit the goblin.
The goblin is severely wounded.
The goblin hits you with a +1 dagger of venom.
You are lethally poisoned!
You hit the goblin but do no damage.
The goblin is severely wounded.
You feel very sick.
You are too injured to fight recklessly!
It was a potion of degeneration.
There was something very wrong with that liquid.
You feel weakened.
You feel dopey.
You feel clumsy.
You feel very sick. The goblin misses you.
You fade into invisibility!
* * * LOW HITPOINT WARNING * * *
You feel sick.
The goblin hits you with a +1 dagger of venom.
You die...

#G#.### .###... ##...#
............#.#
#)...._.....#.#
...........#.# ###...#
#.#g# #.#.#G#...#
#.#@#
##.#.###...###.#.###
##
#..................#
...
#.....####..###....#
...# #.....# #.##
##...# .... #.....#
#.# #...# #...
#.....####.#####...#
#...
.....................
....
#.....################
#...


You could see a goblin (unable to see you).

Vanquished Creatures
  2 ball pythons (D:1)
  An endoplasm (D:1)
  A giant cockroach (D:1)
  3 goblins (D:1)
  A hobgoblin (D:1)
  A jackal (D:1)
  A quokka (D:1)
  3 kobolds (D:1)
  A rat (D:1)
14 creatures vanquished.

Notes
Turn   | Place    | Note
-------+----------+-------------------------------------------
     0 | D:1      | BinkBink the Spriggan Enchanter began the quest for the
                  | Orb.
     0 | D:1      | Reached XP level 1. HP: 9/9 MP: 5/5
   149 | D:1      | Reached skill level 5 in Stealth
   202 | D:1      | Reached XP level 2. HP: 13/13 MP: 6/6
   444 | D:1      | Found a faded altar of an unknown god.
   445 | D:1      | Noticed a floating eye
   450 | D:1      | Noticed a shining eye
   458 | D:1      | Slain by a goblin

Illustrated notes

Levels and vault maps discovered:
D:1:      eino_arrival_tree_alley, layout_basic,
          hellmonk_ecumenical_altar_watching_god

Skill      XL: |  1 |
---------------+----+-----
Stealth        | 5 |  5.4
Short Blades   | |  1.8
Dodging        | |  2.6
Spellcasting   | |  2.6
Hexes          | |  3.6

Action                     || total
---------------------------++-------
  Melee: Dagger            ||    34
         Punch             ||     1
    Use: Potion            ||     2
   Stab: Sleeping          ||     5
 Armour: Robe              ||     7
  Dodge: Dodged            ||    22

Table legend: (Time is in decaauts)
 A = Elapsed time spent in this place.
 B = Non-inter-level travel time spent in this place.
 C = Inter-level travel time spent in this place.
 D = Time resting spent in this place.
 E = Time spent auto-exploring this place.
 F = Levels seen in this place.
 G = Mean time per level.
                   A        B        C        D        E       F      G
               +--------+--------+--------+--------+--------+-----+--------+
         Total |    306 |    306 |      0 |      0 |    207 |   1 |  306.0 |
       Dungeon |    306 |    306 |      0 |      0 |    207 |   1 |  306.0 |
               +--------+--------+--------+--------+--------+-----+--------+

Top non-repeatable levels by time:
     D:1: 306 daAuts
